Map: 천상의 쟁탈전

Players

밤하늘

  • Race: Protoss Protoss
  • Spawn Location: 7:00

테라진

  • Race: Terran Terran
  • Spawn Location: 6:00

VOD

Have the link to the VOD?

Description

Time

  • Played on: Jan. 24, 2019, 12:49 a.m.
  • Length: 10:34
Show
View Real Time Build Order
Export as new Build Order

밤하늘 Protoss 

Build Orders:  

Get SALT Encoding   

  12  0:02  Probe (Chrono Boost)  
  13  0:16  Probe (Chrono Boost)  
  14  0:30  Probe (Chrono Boost)  
  14  0:36  Xel'Naga Passageway  
  15  0:44  Probe (Chrono Boost)  
  16  0:58  Probe (Chrono Boost)  
  17  1:11  Probe (Chrono Boost)  
  18  1:38  Serdath Legion  
  15  1:55  Probe (Chrono Boost)  
  16  2:01  Core Forge  
  16  2:18  Probe (Chrono Boost)  
  17  2:31  Probe (Chrono Boost)  
  18  2:45  Probe (Chrono Boost)  
  19  2:59  Probe (Chrono Boost)  
  20  3:13  Probe (Chrono Boost)  
  21  3:27  Probe (Chrono Boost)  
  22  3:42  Probe (Chrono Boost)  
  23  5:05  Xel'Naga Shieldguard  
  24  5:20  Tesseract Cannon, Xel'Naga Shieldguard  
  24  5:23  Tesseract Cannon  
  24  5:25  Tesseract Cannon  
  24  5:29  Tesseract Cannon  
  25  5:35  Serdath Legion, Xel'Naga Shieldguard  
  26  5:50  Xel'Naga Shieldguard  
  26  5:53  Tesseract Cannon  
  26  5:54  Tesseract Cannon  
  26  5:57  Probe (Chrono Boost)  
  28  6:05  Xel'Naga Shieldguard  
  28  6:52  Tesseract Cannon  
  28  6:53  Tesseract Cannon  
  28  6:57  Tesseract Cannon  
  28  7:29  Tesseract Cannon  
  28  7:53  Serdath Legion  
  28  8:26  Tesseract Cannon  
  28  9:06  Tesseract Cannon  
  24  10:19  Serdath Legion  
Show
View Real Time Build Order
Export as new Build Order

테라진 Terran 

Build Orders:  

Get SALT Encoding   

  12  0:21  Barracks  
  12  0:54  Orbital Command  
  12  1:31  Command Center  
  12  2:26  Command Center  
  12  3:14  Orbital Command  
  12  3:35  SCV  
  13  4:06  Orbital Command  
Tags
 
Add a new tag
Caveats
  • Supply blocks, unpowered buildings, or Contaminate may cause inaccurate times.
  • Supply counts are checked every 10 seconds.